 Dungeon Crawl Stone Soup version 0.31.0-9-g3a7656b989 (webtiles) character file.

Game seed: 13109437473969672830

647 GordonOverkill the Cleaver (level 7, 0/55 HPs)
             Began as a Minotaur Alchemist on Jan 30, 2024.
             Was a Follower of Yredelemnul.
             Slain by a gnoll sergeant
             ... wielding a +3 vampiric spear
              (6 damage)
             ... on level 4 of the Dungeon.
             The game lasted 00:07:45 (4171 turns).

GordonOverkill the Cleaver (Minotaur Alchemist)     Turns: 4171, Time: 00:07:46

Health: 0/55       AC:  9    Str: 14    XL:     7   Next: 27%
Magic:  8/8        EV:  7    Int: 12    God:    Yredelemnul [*.....]
Gold:   369        SH:  5    Dex: 11    Spells: 8/8 levels left

rFire   . . .        q - +0 hand axe
rCold   . . .        (no shield)
rNeg    . . .        l - +0 chain mail
rPois   .            (helmet restricted)
rElec   .            m - +0 cloak
rCorr   .            (no gloves)
SInv    .            (no boots)
Will    .....        f - amulet of reflection Stlth
                     (no ring)
HPRegen 0.29/turn    (no ring)
MPRegen 0.11/turn

%: reflection
@: no status effects
A: horns 2, retaliatory headbutt
a: Renounce Religion, Recall Undead Harvest


You were on level 4 of the Dungeon.
You worshipped Yredelemnul.
Yredelemnul was noncommittal.
You visited 1 branch of the dungeon, and saw 4 of its levels.

You collected 369 gold pieces.

Inventory:

Hand Weapons
 q - a +0 hand axe (weapon)
Missiles
 c - 8 boomerangs (quivered)
 g - 8 poisoned darts
Armour
 l - a +0 chain mail (worn)
 m - a +0 cloak (worn)
 p - a +2 leather armour of willpower
Jewellery
 f - an amulet of reflection (around neck)
 i - an amulet of the acrobat
 v - a ring of flight
Wands
 n - a wand of flame (27)
Scrolls
 a - a scroll of brand weapon {unknown}
 d - 7 scrolls of identify
 e - a scroll of torment {unknown}
 h - a scroll of revelation {unknown}
 j - 2 scrolls of fog
 k - a scroll of amnesia
 o - a scroll of acquirement {unknown}
 s - a scroll of fear {unknown}
 t - a scroll of immolation {unknown}
 u - 2 scrolls of enchant weapon
Potions
 b - a potion of magic
 r - 2 potions of curing
 w - a potion of mutation {unknown}


   Skills:
 - Level 2.0 Fighting
 + Level 8.4 Axes
 - Level 2.0 Throwing
 - Level 2.0 Armour
 - Level 2.1 Dodging
 - Level 1.5 Stealth
 - Level 1.3 Spellcasting
 - Level 0.6 Conjurations
 - Level 2.1 Alchemy


You had 8 spell levels left.
You didn't know any spells.
Your spell library contained the following spells:

 Spells                   Type           Power      Damage    Failure   Level
 Sting                    Conj/Alch      16%        1d4       96%         1
 Mercury Vapours          Alch/Air       6%         N/A       99%         2
 Call Imp                 Summ           0%         N/A       100%        2
 Sublimation of Blood     Necr           0%         N/A       100%        2
 Mephitic Cloud           Conj/Alch/Air  3%         N/A       100%        3
 Olgreb's Toxic Radiance  Alch           6%         N/A       100%        4
 Sticky Flame             Fire/Alch      3%         2d4       100%        4
 Summon Hydra             Summ           0%         N/A       100%        7


Dungeon Overview and Level Annotations

Branches:
Dungeon (4/15)
 Temple: D:4-7

Altars:
Yredelemnul

Annotations:
D:4 3 runed translucent doors, Edmund; Kass's ghost, amateur OpAl


Innate Abilities, Weirdness & Mutations

You have a pair of horns on your head.
You reflexively headbutt those who attack you in melee.


Message History

The gnoll sergeant hits your gnoll zombie with a +3 vampiric spear!
The orc hits you but does no damage.
You see here a +0 club.
You closely miss the orc. Your headbutt misses the orc.
Your gnoll zombie barely misses the gnoll sergeant.
Your orc zombie hits the gnoll sergeant but does no damage.
The gnoll sergeant hits your orc zombie with a +3 vampiric spear!
Your orc zombie is destroyed!
You slash the orc!
You kill the orc!
The dead are walking!
Your gnoll zombie barely misses the gnoll sergeant.
Your gnoll zombie hits the gnoll sergeant but does no damage.
You swap places.
Your hound zombie bites the gnoll sergeant but does no damage.
The gnoll sergeant hits your gnoll zombie with a +3 vampiric spear!
Your gnoll zombie is destroyed!
Your gnoll zombie hits the gnoll sergeant but does no damage.
Your hound zombie bites the gnoll sergeant but does no damage.
You can no longer trade souls for undead servants.
Things that are here:
a +0 club; a +0 whip The gnoll sergeant hits you from afar with a +3 vampiric spear.
* * * LOW HITPOINT WARNING * * *
The gnoll sergeant draws strength from your wounds!
Your hound zombie bites the gnoll sergeant.
Your gnoll zombie hits the gnoll sergeant.
You swap places.
The gnoll sergeant hits you with a +3 vampiric spear.
* * * LOW HITPOINT WARNING * * *
The gnoll sergeant draws strength from your wounds!
Your hound zombie bites the gnoll sergeant but does no damage.
Your orc zombie hits the gnoll sergeant but does no damage.
You see here a +0 spear.
You hit the gnoll sergeant but do no damage.
The gnoll sergeant is lightly wounded.
Your hound zombie bites the gnoll sergeant but does no damage.
The gnoll sergeant hits you with a +3 vampiric spear.
You die...
Your body rises from the dead as a mindless zombie.

.............ZZZZZ.Z.ZZZZ.P......
~~~~~~~~~~≈~~~≈~~~≈~~~≈~~≈~~~~~≈~
≈≈≈≈≈≈≈≈≈≈≈≈≈≈≈≈~≈~≈≈~≈≈≈≈≈≈≈≈≈≈~
##≈≈≈~~~~~~~~~~~~≈~~~≈~~~~~~≈~###
o#............................#og
.##############################.o
g# .......'..'...... #'# .#
#########g'######### #.#
#......ZZZ@Z.......# #
##..?..)).Z.........### #
.'.......)Z.).).)...'.. #
.'......)).)........'.. #
##########''########### #
######....##### # .....'....'....
#.# ######.)..##### #'#
#######''''#############..


You could see a gnoll sergeant (ally target), a friendly iguana zombie, a
friendly hound zombie, a friendly gnoll zombie and 3 friendly orc zombies.

Vanquished Creatures
  A bullfrog (D:2)
  A howler monkey (D:4)
  A hound (D:4)
  2 orc priests
  Jessica (D:2)
  An iguana (D:4)
  2 orc wizards (D:4)
  Terence (D:3)
  5 gnolls (D:4)
  6 adders
  A dart slug (D:4)
  A ribbon worm (D:3)
  19 orcs
  6 endoplasms
  A giant cockroach (D:3)
  6 goblins
  7 hobgoblins
  12 jackals (D:4)
  7 kobolds
  3 quokkas
  8 ball pythons
  4 bats
  2 frilled lizards (D:3)
  5 rats
103 creatures vanquished.

Vanquished Creatures (collateral kills)
  A hound (D:4)
  6 gnolls (D:4)
  4 orcs (D:4)
  A ball python (D:4)
  A goblin (D:4)
  3 jackals (D:4)
16 creatures vanquished.

Vanquished Creatures (others)
  3 adder zombies (D:4)
  7 orc zombies (D:4)
  6 gnoll zombies (D:4)
  2 ball python zombies (D:4)
  A dart slug zombie (D:4)
  2 endoplasm zombies (D:4)
  A goblin zombie (D:4)
  5 jackal zombies (D:4)
27 creatures vanquished.

Grand Total: 146 creatures vanquished

Notes
Turn   | Place    | Note
-------+----------+-------------------------------------------
     0 | D:1      | GordonOverkill the Minotaur Alchemist began the quest for
                  | the Orb.
     0 | D:1      | Reached XP level 1. HP: 14/14 MP: 1/1
   255 | D:1      | Reached skill level 1 in Throwing
   271 | D:1      | Reached skill level 1 in Fighting
   369 | D:1      | Reached XP level 2. HP: 14/23 MP: 3/3
  1124 | D:2      | Reached XP level 3. HP: 12/29 MP: 2/4
  1352 | D:2      | Noticed Jessica
  1365 | D:2      | Killed Jessica
  1366 | D:2      | Reached skill level 2 in Axes
  1842 | D:1      | Reached XP level 4. HP: 36/36 MP: 5/5
  1913 | D:2      | Reached skill level 3 in Axes
  1923 | D:3      | Noticed a bullfrog
  1948 | D:2      | Killed a bullfrog
  1949 | D:2      | Reached skill level 4 in Axes
  1949 | D:2      | Reached XP level 5. HP: 29/41 MP: 6/6
  2067 | D:3      | Found a faded altar of an unknown god.
  2111 | D:3      | Reached skill level 5 in Axes
  2229 | D:3      | Reached skill level 1 in Armour
  2742 | D:3      | Noticed Terence
  2753 | D:3      | Killed Terence
  2755 | D:3      | Reached XP level 6. HP: 39/48 MP: 7/7
  2973 | D:3      | Prayed at the altar of an unknown god.
  2973 | D:3      | Became a worshipper of Yredelemnul the Dark
  2973 | D:3      | Reached * piety under Yredelemnul
  3034 | D:4      | Found a runed translucent gate.
  3035 | D:4      | Found a runed translucent gate.
  3120 | D:4      | Noticed Edmund
  3131 | D:4      | Reached skill level 6 in Axes
  3418 | D:4      | Noticed an ice beast
  3418 | D:4      | Noticed Kass's ghost (amateur OpAl)
  3461 | D:4      | Found a runed translucent gate.
  3655 | D:4      | Reached ** piety under Yredelemnul
  3886 | D:4      | Reached skill level 7 in Axes
  3902 | D:4      | Reached XP level 7. HP: 46/55 MP: 8/8
  4060 | D:4      | Reached *** piety under Yredelemnul
  4111 | D:4      | Reached skill level 8 in Axes
  4129 | D:4      | Reached **** piety under Yredelemnul
  4171 | D:4      | Slain by a gnoll sergeant

Illustrated notes

Levels and vault maps discovered:
D:1:      amcnicky_arrival_blooded_trapdoor, layout_loops_cross, serial_forest,
          infiniplex_forest_lined_room_2, infiniplex_forest_clump_large,
          infiniplex_forest_split, infiniplex_forest_lined_room_,
          infiniplex_forest_lined_corner, infiniplex_forest_clump_tiny,
          infiniplex_forest_clump_tiny
D:2:      layout_rooms, uniq_jessica
D:3:      layout_basic, chequers_ecumenical_altar_simple, minivault_25,
          hex_medium, grunt_ministairs_14, kennysheep_generic_room_10,
          uniq_terence
D:4:      lemuel_castle_with_subvaults [lemuel_castle_interior_original],
          layout_basic, gammafunk_ghost_icy, kennysheep_generic_room_5,
          uniq_edmund

Skill      XL: |  1  2  3  4  5  6  7 |
---------------+----------------------+-----
Throwing       | 1 2 |  2.0
Fighting       | 1 2 |  2.0
Axes           | 2 4 5 7 8 |  8.4
Armour         | 2 |  2.0
Dodging        | |  2.1
Stealth        | |  1.5
Spellcasting   | |  1.3
Conjurations   | |  0.6
Alchemy        | |  2.1

Action                     |  1- 3 |  4- 6 |  7- 9 || total
---------------------------+-------+-------+-------++-------
  Melee: Unarmed           |    51 |       |       ||    51
         Headbutt          |    14 |    26 |     7 ||    47
         Club              |    52 |       |       ||    52
         Whip              |     4 |    79 |       ||    83
         Hand axe          |       |   120 |    46 ||   166
  Throw: Boomerang         |     6 |       |       ||     6
   Cast: Sting             |     1 |       |       ||     1
    Use: Scroll            |     4 |       |       ||     4
         Potion            |       |     5 |       ||     5
   Stab: Sleeping          |     3 |       |       ||     3
         Distracted        |       |       |     1 ||     1
 Armour: Robe              |    32 |       |       ||    32
         Leather armour    |    13 |       |       ||    13
         Chain mail        |    31 |   189 |    37 ||   257
  Dodge: Dodged            |    62 |    90 |    17 ||   169
  Block: Other             |    23 |    70 |    10 ||   103
         Reflection        |       |     2 |       ||     2
